Workbook

Sheet Riepilogo
B2: TABELLA A.1 SRG06 LEADER DEL CSR FVG 2023-2027 SSL TORRE NATISONE GAL – Intervento 4 “SVILUPPO E POTENZIAMENTO DELLE FILIERE PRODUTTIVE AGROALIMENTARI LOCALI”
B4: Quadro spese relative al progetto
B5: Denominazione beneficiario
B6: QUADRO RIEPILOGATIVO DELLA SPESA PER INVESTIMENTO
B8: A - Investimenti nella produzione, trasformazione e commercializzazione dei prodotti compresi nell'Allegato I del TFUE
B9: Investimento (art. 8 Bando) | L9: Costi imputabili al progetto
L10: Imponibile | N10: IVA * | P10: Totale
B11: A.1 | C11: PRODUZIONE PRIMARIA DI PRODOTTI AGRICOLI | L11: {=A1_Produzione!J30:K30} -> 0 | M11: 0 | N11: {=A1_Produzione!L30:M30} -> 0 | O11: 0 | P11: {=A1_Produzione!N30:O30} -> 0 | Q11: 0
B12: A.2 | C12: TRASFORMAZIONE DI PRODOTTI AGRICOLI E AGROALIMENTARI | L12: =A2_Trasformazione!J30 -> 0 | N12: =A2_Trasformazione!L30 -> 0 | P12: {=A2_Trasformazione!N30} -> 0 | Q12: 0
B13: A.3 | C13: COMMERCIALIZZAZIONE DI PRODOTTI AGRICOLI E AGROALIMENTARI | L13: =A3_Commercializzazione!J30 -> 0 | M13: =+A2_Trasformazione!K30 -> 0 | N13: =A3_Commercializzazione!L30 -> 0 | O13: =+A2_Trasformazione!M30 -> 0 | P13: =A3_Commercializzazione!N30 -> 0
B14: A.4 | C14: INIZIATIVE DI PROMOZIONE E MARKETING CONNESSE AGLI INVESTIMENTI | L14: =A4_Marketing!J15 -> 0 | M14: =+A4_Marketing!K15 -> 0 | N14: =+A4_Marketing!L15 -> 0 | O14: =+A4_Marketing!M15 -> 0 | P14: =+A4_Marketing!N15 -> 0
B15: Totale progetto | L15: =SUM(L11:L14) -> 0 | N15: =SUM(N11:N14) -> 0 | P15: =SUM(P11:P14) -> 0

Sheet A1_Produzione
B2: =+Riepilogo!B2 -> TABELLA A.1 SRG06 LEADER DEL CSR FVG 2023-2027 SSL TORRE NATISONE GAL – Intervento 4 “SVILUPPO E POTENZIAMENTO DELLE FILIERE PRODUTTIVE AGROALIMENTARI LOCALI”
B4: A - Investimenti nella produzione, trasformazione e commercializzazione dei prodotti compresi nell'Allegato I del TFUE
B5: Dettaglio spese relative al progetto | H5: =+Riepilogo!B5 -> Denominazione beneficiario
B6: A.1 PRODUZIONE PRIMARIA DI PRODOTTI AGRICOLI
B7: Investimenti relativi a strutture, macchinari e attrezzature per il miglioramento della competitività aziendale Investimenti relativi al miglioramento fondiario, compresi interventi connessi volti alla cura e gestione del territorio rurale
B8: Descrizione del singolo lavoro/fornitura/servizio | J8: Importo | P8: Ragionevolezza del costo (indicare documentazione di supporto prevista dall'articolo 12)
J9: Imponibile | L9: IVA | N9: Totale
B10: a) costruzione, acquisizione o miglioramento, ristrutturazione, recupero e ampliamento di beni immobili e relative pertinenze
A11: 1 | J11: 0 | L11: 0 | N11: =J11+L11 -> 0
A12: 2 | J12: 0 | L12: 0 | N12: =J12+L12 -> 0
A13: 3 | J13: 0 | L13: 0 | N13: =J13+L13 -> 0
J14: =SUM(J11:K13) -> 0 | L14: =SUM(L11:M13) -> 0 | N14: =SUM(N11:O13) -> 0
B15: b) acquisto di nuovi macchinari, impianti, attrezzature ed allestimenti (compresi arredi), inclusa la messa in opera
A16: 1 | J16: 0 | L16: 0 | N16: =J16+L16 -> 0
A17: 2 | J17: 0 | L17: 0 | N17: =J17+L17 -> 0
A18: 3 | J18: 0 | L18: 0 | N18: =J18+L18 -> 0
J19: =SUM(J16:K18) -> 0 | L19: =SUM(L16:M18) -> 0 | N19: =SUM(N16:O18) -> 0
B20: c) spese generali collegate a quelle di cui alle lettere a) e b) nel limite del 10% delle spese a cui si riferiscono
A21: 1 | J21: 0 | L21: 0 | N21: =J21+L21 -> 0
A22: 2 | J22: 0 | L22: 0 | N22: =J22+L22 -> 0
A23: 3 | J23: 0 | L23: 0 | N23: =J23+L23 -> 0
J24: =J21+J22+J23 -> 0 | L24: =L21+L22+L23 -> 0 | N24: =N21+N22+N23 -> 0
B25: d) investimenti immateriali per l'acquisizione o lo sviluppo di programmi informatici e l'acquisizione di brevetti, licenze, diritti d'autore, marchi commerciali e altre spese in tecnologie dell'informazione
A26: 1 | J26: 0 | L26: 0 | N26: =J26+L26 -> 0
A27: 2 | J27: 0 | L27: 0 | N27: =J27+L27 -> 0
A28: 3 | J28: 0 | L28: 0 | N28: =J28+L28 -> 0
J29: =SUM(J26:K28) -> 0 | L29: =SUM(L26:M28) -> 0 | N29: =SUM(N26:O28) -> 0
B30: Totale A.1 | J30: =J14+J19+J24+J29 -> 0 | L30: =L14+L19+L24+L29 -> 0 | N30: =N14+N19+N24+N29 -> 0

Sheet A2_Trasformazione
B2: =+Riepilogo!B2 -> TABELLA A.1 SRG06 LEADER DEL CSR FVG 2023-2027 SSL TORRE NATISONE GAL – Intervento 4 “SVILUPPO E POTENZIAMENTO DELLE FILIERE PRODUTTIVE AGROALIMENTARI LOCALI”
B4: A - Investimenti nella produzione, trasformazione e commercializzazione dei prodotti compresi nell'Allegato I del TFUE
B5: Dettaglio spese relative al progetto | H5: =+Riepilogo!B5 -> Denominazione beneficiario
B6: A.2. TRASFORMAZIONE DI PRODOTTI AGRICOLI E AGROALIMENTARI
B7: Investimenti relativi a strutture, macchinari e attrezzature per il miglioramento o l'avvio di attività di trasformazione dei prodotti agricoli e agroalimentari
B8: Descrizione del singolo lavoro/fornitura/servizio | J8: Importo | P8: Ragionevolezza del costo (indicare documentazione di supporto prevista dall'articolo 12)
J9: Imponibile | L9: IVA | N9: Totale
B10: a) costruzione, acquisizione o miglioramento, ristrutturazione, recupero e ampliamento di beni immobili e relative pertinenze
A11: 1 | J11: 0 | L11: 0 | N11: =J11+L11 -> 0
A12: 2 | J12: 0 | L12: 0 | N12: =J12+L12 -> 0
A13: 3 | J13: 0 | L13: 0 | N13: =J13+L13 -> 0
J14: =SUM(J11:K13) -> 0 | L14: =SUM(L11:M13) -> 0 | N14: =SUM(N11:O13) -> 0
B15: b) acquisto di nuovi macchinari, impianti, attrezzature ed allestimenti (compresi arredi), inclusa la messa in opera
A16: 1 | J16: 0 | L16: 0 | N16: =J16+L16 -> 0
A17: 2 | J17: 0 | L17: 0 | N17: =J17+L17 -> 0
A18: 3 | J18: 0 | L18: 0 | N18: =J18+L18 -> 0
J19: =SUM(J16:K18) -> 0 | L19: =SUM(L16:M18) -> 0 | N19: =SUM(N16:O18) -> 0
B20: c) spese generali collegate a quelle di cui alle lettere a) e b nel limite del 10% delle spese a cui si riferiscono
A21: 1 | J21: 0 | L21: 0 | N21: =J21+L21 -> 0
A22: 2 | J22: 0 | L22: 0 | N22: =J22+L22 -> 0
A23: 3 | J23: 0 | L23: 0 | N23: =J23+L23 -> 0
J24: =J21+J22+J23 -> 0 | L24: =L21+L22+L23 -> 0 | N24: =N21+N22+N23 -> 0
B25: d) investimenti immateriali per l'acquisizione o lo sviluppo di programmi informatici e l'acquisizione di brevetti, licenze, diritti d'autore, marchi commerciali e altre spese in tecnologie dell'informazione
A26: 1 | J26: 0 | L26: 0 | N26: =J26+L26 -> 0
A27: 2 | J27: 0 | L27: 0 | N27: =J27+L27 -> 0
A28: 3 | J28: 0 | L28: 0 | N28: =J28+L28 -> 0
J29: =SUM(J26:K28) -> 0 | L29: =SUM(L26:M28) -> 0 | N29: =SUM(N26:O28) -> 0
B30: Totale A.2 | J30: =J14+J19+J24+J29 -> 0 | L30: =L14+L19+L24+L29 -> 0 | N30: =N14+N19+N24+N29 -> 0

Sheet A3_Commercializzazione
B2: =+Riepilogo!B2 -> TABELLA A.1 SRG06 LEADER DEL CSR FVG 2023-2027 SSL TORRE NATISONE GAL – Intervento 4 “SVILUPPO E POTENZIAMENTO DELLE FILIERE PRODUTTIVE AGROALIMENTARI LOCALI”
B4: A - Investimenti nella produzione, trasformazione e commercializzazione dei prodotti compresi nell'Allegato I del TFUE
B5: Dettaglio spese relative al progetto | H5: =+Riepilogo!B5 -> Denominazione beneficiario
B6: A.3. COMMERCIALIZZAZIONE DI PRODOTTI AGRICOLI E AGROALIMENTARI
B7: Investimenti relativi a strutture, macchinari e attrezzature per il miglioramento o l'avvio di attività di commercializzazione dei prodotti agricoli e agroalimentari
B8: Descrizione del singolo lavoro/fornitura/servizio | J8: Importo | P8: Ragionevolezza del costo (indicare documentazione di supporto prevista dall'articolo 12)
J9: Imponibile | L9: IVA | N9: Totale
B10: a) costruzione, acquisizione o miglioramento, ristrutturazione, recupero e ampliamento di beni immobili e relative pertinenze
A11: 1 | J11: 0 | L11: 0 | N11: =J11+L11 -> 0
A12: 2 | J12: 0 | L12: 0 | N12: =J12+L12 -> 0
A13: 3 | J13: 0 | L13: 0 | N13: =J13+L13 -> 0
J14: =SUM(J11:K13) -> 0 | L14: =SUM(L11:M13) -> 0 | N14: =SUM(N11:O13) -> 0
B15: b) acquisto di nuovi macchinari, impianti, attrezzature ed allestimenti (compresi arredi), inclusa la messa in opera
A16: 1 | J16: 0 | L16: 0 | N16: =J16+L16 -> 0
A17: 2 | J17: 0 | L17: 0 | N17: =J17+L17 -> 0
A18: 3 | J18: 0 | L18: 0 | N18: =J18+L18 -> 0
J19: =SUM(J16:K18) -> 0 | L19: =SUM(L16:M18) -> 0 | N19: =SUM(N16:O18) -> 0
B20: c) spese generali collegate a quelle di cui alle lettere a) e b nel limite del 10% delle spese a cui si riferiscono
A21: 1 | J21: 0 | L21: 0 | N21: =J21+L21 -> 0
A22: 2 | J22: 0 | L22: 0 | N22: =J22+L22 -> 0
A23: 3 | J23: 0 | L23: 0 | N23: =J23+L23 -> 0
J24: =J21+J22+J23 -> 0 | L24: =L21+L22+L23 -> 0 | N24: =N21+N22+N23 -> 0
B25: d) investimenti immateriali per l'acquisizione o lo sviluppo di programmi informatici e l'acquisizione di brevetti, licenze, diritti d'autore, marchi commerciali e altre spese in tecnologie dell'informazione
A26: 1 | J26: 0 | L26: 0 | N26: =J26+L26 -> 0
A27: 2 | J27: 0 | L27: 0 | N27: =J27+L27 -> 0
A28: 3 | J28: 0 | L28: 0 | N28: =J28+L28 -> 0
J29: =SUM(J26:K28) -> 0 | L29: =SUM(L26:M28) -> 0 | N29: =SUM(N26:O28) -> 0
B30: Totale A.3 | J30: =J14+J19+J24+J29 -> 0 | L30: =L14+L19+L24+L29 -> 0 | N30: =N14+N19+N24+N29 -> 0

Sheet A4_Marketing
B2: =+Riepilogo!B2 -> TABELLA A.1 SRG06 LEADER DEL CSR FVG 2023-2027 SSL TORRE NATISONE GAL – Intervento 4 “SVILUPPO E POTENZIAMENTO DELLE FILIERE PRODUTTIVE AGROALIMENTARI LOCALI”
B4: A - Investimenti nella produzione, trasformazione e commercializzazione dei prodotti compresi nell'Allegato I del TFUE
B5: Dettaglio spese relative al progetto | H5: =+Riepilogo!B5 -> Denominazione beneficiario
B6: A.4 INIZIATIVE DI PROMOZIONE E MARKETING CONNESSE AGLI INVESTIMENTI
B7: Realizzazione di iniziative informative, pubblicitarie e di promozione dei prodotti agricoli connesse agli investimenti di produzione, trasformazione e commercializzazione
B8: Descrizione del singolo lavoro/fornitura/servizio | J8: Importo | P8: Ragionevolezza del costo (indicare documentazione di supporto prevista dall'articolo 12)
J9: Imponibile | L9: IVA | N9: Totale
B10: e) spese per pubbliche relazioni comprese le spese relative ad attività di informazione, comunicazione e promozione, incluse le spese di noleggio di macchinari, impianti, attrezzature, allestimenti e strutture e di acquisizione di spazi e servizi per l’organizzazione di eventi, manifestazioni e laboratori, a finalità informativa, divulgativa o promozionale nella misura massima pari al 20% del costo ammissibile per l’operazione
A11: 1 | J11: 0 | L11: 0 | N11: =J11+L11 -> 0
A12: 2 | J12: 0 | L12: 0 | N12: =J12+L12 -> 0
A13: 3 | J13: 0 | L13: 0 | N13: =J13+L13 -> 0
J14: =SUM(J11:K13) -> 0 | L14: =SUM(L11:M13) -> 0 | N14: =SUM(N11:O13) -> 0
B15: Totale A.4 | J15: =J14 -> 0 | L15: =L14 -> 0 | N15: =N14 -> 0
